 Dungeon Crawl Stone Soup version 0.28-a0-771-g91a516d0e7 (webtiles) character file.

Game seed: 2211694117964218438

541 Conn the Sneak (level 7, -4/43 HPs)
             Began as an Octopode Fire Elementalist on Nov 1, 2021.
             Slain by a wyvern (15 damage)
             ... on level 5 of the Dungeon.
             The game lasted 00:09:31 (5467 turns).

Conn the Sneak (Octopode Fire Elementalist)         Turns: 5467, Time: 00:09:31

Health: -4/43      AC:  1    Str:  7    XL:     7   Next: 26%
Magic:  7/12       EV: 13    Int: 20    God:
Gold:   142        SH:  0    Dex: 12    Spells: 2/13 levels left

rFire   . . .      SeeInvis .   h - +1 dagger (venom)
rCold   . . .      Faith    .   (no shield)
rNeg    + . .      Spirit   .   (helmet restricted)
rPois   .          Reflect  .   (no amulet)
rElec   .          Harm     .   b - ring of positive energy
rCorr   .          Rampage  .   (no ring)
Will    .....                   (no ring)
Stlth   ++++......              (no ring)
HPRegen 0.14/turn               (no ring)
MPRegen 0.13/turn               (no ring)
                                (no ring)
                                (no ring)

@: no status effects
A: almost no armour, amphibious, 8 rings, camouflage 1, gelatinous body 1,
(nimble swimmer 1), tentacles
a: no special abilities


You were on level 5 of the Dungeon.
You visited 2 branches of the dungeon, and saw 6 of its levels.

You collected 142 gold pieces.

Inventory:

Hand Weapons
 d - a +0 short sword
 h - a +1 dagger of venom (weapon)
Missiles
 e - 44 poisoned darts
 k - 4 javelins
Jewellery
 b - a ring of positive energy (left tentacle)
Scrolls
 c - 2 scrolls of blinking
 i - 5 scrolls of identify {unknown}
 m - 2 scrolls of enchant armour {unknown}
 n - a scroll of noise {unknown}
 p - a scroll of amnesia
Potions
 a - a potion of resistance {unknown}
 f - a potion of brilliance {unknown}
 g - a potion of magic {unknown}
 j - a potion of lignification {unknown}
 l - a potion of curing
 o - a potion of degeneration {unknown}


   Skills:
 + Level 1.3 Fighting
 + Level 2.1 Short Blades
 + Level 3.0 Dodging
 + Level 5.3 Stealth
 + Level 3.5 Spellcasting
 + Level 2.8 Conjurations
 + Level 4.5 Fire Magic


You had 2 spell levels left.
You knew the following spells:

 Your Spells              Type           Power      Damage    Failure   Level
a - Foxfire               Conj/Fire      72%        2x1d7     3%          1
b - Conjure Flame         Conj/Fire      18%        6-21      9%          3
c - Inner Flame           Hex/Fire       12%        N/A       16%         3
d - Flame Wave            Conj/Fire      18%        3d5       30%         4

Your spell library contained the following spells:

 Spells                   Type           Power      Damage    Failure   Level
 Scorch                   Fire           42%        2d7       3%          2
 Summon Guardian Golem    Hex/Summ       3%         N/A       38%         3
 Orb of Destruction       Conj           7%         9d3       100%        7
 Spellforged Servitor     Conj/Summ      4%         N/A       100%        7


Dungeon Overview and Level Annotations

Branches:
Dungeon (5/15)             Temple (1/1) D:5

Altars:
Ashenzari
Dithmenos
Elyvilon
Fedhas
Gozag
Kikubaaqudgha
Nemelex Xobeh
Okawaru
Ru
Trog
Uskayaw
Yredelemnul
The Shining One

Shops:
D:4 =


Innate Abilities, Weirdness & Mutations

You cannot wear most types of armour.
You are amphibious.
You can wear up to eight rings at the same time.
Your skin changes colour to match your surroundings (Stealth+).
Your rubbery body absorbs attacks. (AC +1, EV +1)
((You are camouflaged near water. (Stealth+)))
You have tentacles for arms and can constrict up to eight enemies at once.


Message History

The hound is severely wounded.
The foxfire hits the hound.
You kill the hound!
Found an escape hatch in the floor.
Found a crooked glowing staff.
You see here a staff of death.
You see here a staff of death.
Found a leather armour.
Found 9 gold pieces and a long sword.
A wyvern comes into view.
A wyvern is nearby!
Found a black potion.
An orc comes into view. It is wielding a +0 short sword.
The orc shouts!
You catch the helpless wyvern completely off-guard!
You puncture the wyvern!
The wyvern is poisoned.
The wyvern is heavily wounded.
The wyvern bites you but does no damage.
You barely miss the wyvern.
The wyvern is heavily wounded.
The wyvern bites you! The wyvern barely misses you.
Unknown command.
The wyvern bites you. The wyvern completely misses you.
Casting: Foxfire (safe; 3% risk of failure)
Confirm with . or Enter, or press ? or * to list all spells.
The spell is quite dangerous to cast (30% risk of failure)!
Continue anyway?
Casting: Flame Wave (quite dangerous; 30% risk of failure)
Press: ? - help, Dir - look around, f - activate A wave of flame ripples out!
The flame wave engulfs the wyvern!
The wyvern is severely wounded. (Press . to intensify the flame waves.)
The wyvern misses you.
Unknown command.
A wave of flame ripples out!
The flame wave engulfs the wyvern.
The wyvern is almost dead.
The wyvern bites you!!
* * * LOW HITPOINT WARNING * * *
The wyvern bites you!
You die...

#.. )...
...........#### #..
..##. ..
......###.....#.. ... .
#.. .....####......>.
.... . #..
....##.......... ##..
...###......... ##...##
##.......##...#
.#.....#
#)......###..##
.......###.......##...#
#.@..$........#....
#l###........###...
#o..##.....### #.##
#.......[...# ###
##....###.....
#........#....##
.....#....###.....#
###..!....# ##....#
#.#...#... ..#


You could see a wyvern (poisoned) and an orc.

Vanquished Creatures
  A phantom (D:4)
  2 scorpions (D:4)
  A jelly (D:4)
  2 hounds (D:5)
  Natasha (D:3)
  An iguana (D:4)
  2 orc wizards (D:3)
  3 gnolls (D:2)
  3 adders
  6 dart slugs
  3 worms
  3 orcs (D:3)
  A giant cockroach (D:1)
  6 goblins
  11 hobgoblins
  3 jackals (D:1)
  10 kobolds
  3 quokkas
  7 ball pythons
  6 bats
  2 frilled lizards
  8 rats
85 creatures vanquished.

Vanquished Creatures (others)
  186 foxfires
186 creatures vanquished.

Grand Total: 271 creatures vanquished

Notes
Turn   | Place    | Note
-------+----------+-------------------------------------------
     0 | D:1      | Conn the Octopode Fire Elementalist began the quest for the
                  | Orb.
     0 | D:1      | Reached XP level 1. HP: 11/11 MP: 3/3
   317 | D:1      | Reached skill level 3 in Stealth
   379 | D:1      | Reached XP level 2. HP: 15/17 MP: 0/5
   818 | D:1      | Reached XP level 3. HP: 20/21 MP: 0/6
   832 | D:1      | HP: 1/21 [hobgoblin (10)]
  1265 | D:1      | Found a faded altar of an unknown god.
  1805 | D:2      | Reached XP level 4. HP: 10/27 MP: 2/7
  2224 | D:2      | Reached skill level 1 in Short Blades
  2464 | D:2      | Reached skill level 4 in Stealth
  2884 | D:3      | Reached XP level 5. HP: 26/31 MP: 5/8
  3374 | D:3      | Noticed Natasha
  3387 | D:3      | Killed Natasha
  3847 | D:4      | Reached XP level 6. HP: 7/37 MP: 10/10
  4420 | D:4      | Found an opulent altar of Gozag.
  4545 | D:4      | Found Uckaosou's Jewellery Shop.
  4622 | D:4      | Found an ancient bone altar of Kikubaaqudgha.
  4628 | D:4      | Reached skill level 1 in Fighting
  4918 | D:4      | Reached skill level 5 in Stealth
  4918 | D:4      | Reached XP level 7. HP: 43/43 MP: 12/12
  4985 | D:4      | Learned a level 3 spell: Conjure Flame
  4989 | D:4      | Learned a level 3 spell: Inner Flame
  4994 | D:4      | Learned a level 4 spell: Flame Wave
  5023 | D:5      | Entered Level 5 of the Dungeon
  5023 | D:5      | Found a staircase to the Ecumenical Temple.
  5032 | Temple   | Entered the Ecumenical Temple
  5451 | D:5      | Noticed a wyvern
  5467 | D:5      | Slain by a wyvern

Illustrated notes

Levels and vault maps discovered:
D:1:      amcnicky_arrival_underground_garden, layout_loops_corners,
          ebering_ecumenical_altar_ruins, minmay_tetromino_l4
D:2:      layout_loops_cross
D:3:      layout_basic, uniq_natasha
D:4:      layout_basic, kiku_gazebo_pond_becter, grunt_gozag_breadcrumbs,
          serial_shops, shop, minivault_27
D:5:      layout_cave_pools, minmay_temple_entry_mist, serial_shops, shop,
          uniq_crazy_yiuf_cottage
Temple:   minmay_temple_curvy_loop

Skill      XL: |  1  2  3  4  5  6 |
---------------+-------------------+-----
Stealth        | 3 4 5 |  5.3
Short Blades   | 1 2 |  2.1
Conjurations   | 2 |  2.8
Fire Magic     | 4 |  4.5
Spellcasting   | 3 |  3.5
Fighting       | 1 |  1.3
Dodging        | 3 |  3.0

Action                   |  1- 3 |  4- 6 |  7- 9 || total
-------------------------+-------+-------+-------++-------
Melee: Short sword       |    31 |       |       ||    31
       Constrict         |    13 |    11 |     1 ||    25
       Tentacles         |     5 |     8 |     1 ||    14
       Dagger            |    11 |    54 |     4 ||    69
 Cast: Foxfire           |    50 |    53 |     6 ||   109
       Flame Wave        |       |       |     1 ||     1
  Use: Scroll            |       |     2 |       ||     2
       Potion            |       |     3 |       ||     3
 Stab: Sleeping          |     6 |    10 |       ||    16
       Distracted        |       |       |     1 ||     1
Armor: Skin              |     3 |     3 |     1 ||     7
Dodge: Dodged            |    29 |    32 |     4 ||    65

Table legend: (Time is in decaauts)
 A = Elapsed time spent in this place.
 B = Non-inter-level travel time spent in this place.
 C = Inter-level travel time spent in this place.
 D = Time resting spent in this place.
 E = Time spent auto-exploring this place.
 F = Levels seen in this place.
 G = Mean time per level.
                   A        B        C        D        E       F      G
               +--------+--------+--------+--------+--------+-----+--------+
         Total |   5473 |   5387 |     86 |      0 |   4255 |   6 |  912.2 |
       Dungeon |   5149 |   5090 |     59 |      0 |   4068 |   5 | 1029.8 |
        Temple |    323 |    296 |     27 |      0 |    187 |   1 |  323.0 |
               +--------+--------+--------+--------+--------+-----+--------+

Top non-repeatable levels by time:
     D:1: 1747 daAuts
     D:4: 1274 daAuts
     D:3: 1075 daAuts
     D:2: 932 daAuts
  Temple: 323 daAuts
     D:5: 119 daAuts
